 Dungeon Crawl Stone Soup version 0.30.1-11-g7821555f0a (webtiles) character file.

Game seed: 1900601459568986517

3551 Pimbus the Spear-Bearer (level 9, -6/75 HPs)
             Began as a Minotaur Berserker on Jan 4, 2024.
             Was an Elder of Trog.
             Mangled by a wyvern (13 damage)
             ... on level 8 of the Dungeon.
             The game lasted 00:57:32 (7183 turns).

Pimbus the Spear-Bearer (Minotaur Berserker)        Turns: 7183, Time: 00:57:32

Health: -6/75      AC:  9    Str: 26    XL:     9   Next: 83%
Magic:  8/8        EV: 10    Int:  4    God:    Trog [****..]
Gold:   326        SH:  0    Dex: 10    Spells: 8/8 levels left

rFire   + . .        b - +0 trident (vamp)
rCold   . . .        (no shield)
rNeg    . . .        I - +0 chain mail
rPois   .            (helmet restricted)
rElec   .            c - +0 cloak
rCorr   .            s - +0 pair of gloves
SInv    .            (no boots)
Will    ++...        (no amulet) Stlth
                     r - +4 ring of slaying
HPRegen 1.32/turn    (no ring)
MPRegen 0.11/turn

%: no passive effects
@: strong-willed, corroded, regenerating, studying Unarmed Combat
A: horns 2, retaliatory headbutt, fire resistance 1
a: Renounce Religion, Berserk, Trog's Hand, Brothers in Arms


You were on level 8 of the Dungeon.
You worshipped Trog.
Trog was greatly pleased with you.
You visited 2 branches of the dungeon, and saw 9 of its levels.

You collected 326 gold pieces.

Inventory:

Hand Weapons
 a - a +2 spear
 b - a +0 vampiric trident (weapon)
 d - a +1 heavy hand axe
 n - a +4 flail
 o - a +1 mace of protection
 q - a +1 short sword of flaming
 u - a +2 quarterstaff of chaos
 w - a +0 flail of distortion
 B - a +2 heavy dire flail
 E - a +2 heavy spear
 K - a +5 long sword of freezing
 L - a +0 short sword
 O - a +4 morningstar of freezing
 P - a +4 scimitar
Missiles
 H - a boomerang (quivered)
Armour
 c - a +0 cloak (worn)
 s - a +0 pair of gloves (worn)
 y - a +2 scale mail
 F - a +1 leather armour of cold resistance
 I - a +0 chain mail (worn)
Jewellery
 r - a +4 ring of slaying (left hand)
Wands
 e - a wand of flame (27)
 t - a wand of paralysis (13)
 A - a wand of iceblast (13)
 J - a wand of acid (10)
Scrolls
 i - 4 scrolls of fog
 j - 2 scrolls of magic mapping
 m - 2 scrolls of vulnerability
 p - 7 scrolls of identify
 z - 2 scrolls of blinking
 C - 2 scrolls of poison
 D - a scroll of teleportation
 G - a scroll of torment {unknown}
 M - a scroll of immolation
 N - a scroll of noise {unknown}
Potions
 f - 4 potions of curing {unknown}
 h - a potion of magic {unknown}
 k - a potion of resistance
 l - a potion of lignification
 v - a potion of cancellation {unknown}
 x - 2 potions of heal wounds
 Q - 2 potions of brilliance {unknown}


   Skills:
 + Level 6.1 Fighting
 + Level 9.2 Polearms
 + Level 8.0 Throwing
 + Level 8.5 Armour
 + Level 4.6 Dodging
 + Level 2.0 Stealth


You had 8 spell levels left.
You didn't know any spells.
Your spell library contained the following spells:

 Spells                   Type           Power      Damage    Failure   Level
 Kiss of Death            Conj/Necr      0%         2d5       93%         1
 Shock                    Conj/Air       0%         1d3       93%         1
 Summon Small Mammal      Summ           0%         N/A       93%         1
 Call Canine Familiar     Summ           0%         N/A       100%        3
 Confusing Touch          Hex            0%         N/A       100%        3
 Dazzling Flash           Conj/Hex       0%         N/A       100%        3
 Summon Guardian Golem    Hex/Summ       0%         N/A       100%        3
 Swiftness                Air            0%         N/A       100%        3
 Airstrike                Air            0%         2d(0-16)  100%        4
 Dispel Undead            Necr           0%         3d6       100%        4
 Agony                    Necr           0%         N/A       100%        5
 Silence                  Hex/Air        0%         N/A       100%        5


Dungeon Overview and Level Annotations

Branches:
Dungeon (8/15)             Temple (1/1) D:4
   Lair: D:8-11

Altars:
Dithmenos
Fedhas
Gozag
Hepliaklqana
Kikubaaqudgha
Makhleb
Nemelex Xobeh
Okawaru
Qazlal
Ru
Sif Muna
Uskayaw
Vehumet
Wu Jian
Xom


Innate Abilities, Weirdness & Mutations

You have a pair of horns on your head.
You reflexively headbutt those who attack you in melee.
Your flesh is heat resistant. (rF+)


Message History

You see here a poisoned dart.
You hit the acid dragon but do no damage.
You headbutt the acid dragon!
The acid dragon is moderately wounded.
The wyvern barely misses you.
A komodo dragon comes into view.
The wyvern bites you! The acid dragon barely misses you.
The acid dragon claws you but does no damage.
You hit the acid dragon but do no damage.
You headbutt the acid dragon, but do no damage.
The acid dragon is moderately wounded.
The wyvern bites you but does no damage.
The acid dragon barely misses you. x2
You barely miss the acid dragon. You headbutt the acid dragon!
The acid dragon is severely wounded.
The wyvern closely misses you.
You hit the acid dragon.
You feel better.
Your headbutt misses the acid dragon.
The acid dragon is severely wounded.
The wyvern bites you but does no damage.
The acid dragon spits acid at you. The splash of acid hits you!!
* * * LOW HITPOINT WARNING * * *
The wyvern bites you but does no damage.
You puncture the acid dragon!
You kill the acid dragon!
Trog accepts your kill. The wyvern misses you.
You puncture the wyvern!
You feel better.
The wyvern is moderately wounded.
The wyvern closely misses you.
You hit the wyvern but do no damage.
The wyvern is moderately wounded.
The wyvern bites you!
* * * LOW HITPOINT WARNING * * *
Your skin crawls.
You feel strong-willed. The wyvern bites you.
* * * LOW HITPOINT WARNING * * *
The wyvern bites you!
You die...

# ##.## ###..#.#### ###.
....#...#.##....
...#..l(....# ##
....((l@...#####.# ## #
#....#...(......####.###
##. #####........###...
#.#.###....†....
#.##..########### ##
#### ## ####### #.
##.....## #. #.......#
##


You could see a komodo dragon and a wyvern.

Vanquished Creatures
  A komodo dragon (D:8)
  A troll (D:7)
  2 basilisks (D:8)
  Edmund (D:6)
  An acid dragon (D:8)
  A water moccasin (D:8)
  An orc warrior (D:7)
  An ice beast (D:7)
  A sky beast (D:7)
  A centaur (D:7)
  A kobold brigand (D:7)
  A gnoll sergeant (D:6)
  3 bullfrogs
  4 scorpions (D:5)
  9 wights
  3 howler monkeys (D:8)
  A jelly (D:6)
  4 hounds
  Crazy Yiuf (D:4)
  7 iguanas
  11 orc priests
  2 orc wizards
  9 gnolls
  5 adders
  2 white imps
  2 ufetubi
  2 worms
  3 dart slugs
  28 orcs
  4 bats
  3 endoplasms (D:1)
  4 giant cockroaches
  2 goblins
  6 hobgoblins
  3 jackals (D:1)
  8 quokkas
  12 ball pythons
  2 frilled lizards
  10 kobolds
  7 rats
170 creatures vanquished.

Notes
Turn   | Place    | Note
-------+----------+-------------------------------------------
     0 | D:1      | Pimbus the Minotaur Berserker began the quest for the Orb.
     0 | D:1      | Reached XP level 1. HP: 19/19 MP: 0/0
    79 | D:1      | HP: 1/20 [jackal (1)]
    80 | D:1      | Reached skill level 4 in Polearms
    80 | D:1      | Reached XP level 2. HP: 2/27 MP: 1/1
  1041 | D:1      | Reached XP level 3. HP: 29/33 MP: 2/2
  1438 | D:2      | Reached ** piety under Trog
  1787 | D:2      | Reached skill level 1 in Throwing
  1787 | D:2      | Reached XP level 4. HP: 35/40 MP: 3/3
  2504 | D:3      | Found a stormy altar of Qazlal.
  2622 | D:3      | Reached XP level 5. HP: 42/47 MP: 4/4
  2624 | D:3      | Reached skill level 5 in Polearms
  2663 | D:3      | Gained mutation: Your flesh is heat resistant. (rF+)
                  | [potion of mutation]
  3033 | D:4      | Reached skill level 1 in Stealth
  3033 | D:4      | Reached XP level 6. HP: 53/53 MP: 5/5
  3041 | D:4      | Reached *** piety under Trog
  3226 | D:4      | Found a staircase to the Ecumenical Temple.
  4029 | D:4      | Found a runed translucent door.
  4032 | D:4      | Noticed Crazy Yiuf
  4036 | D:4      | Killed Crazy Yiuf
  4228 | Temple   | Entered the Ecumenical Temple
  4228 | Temple   | Found a transporter.
  4228 | Temple   | Found a transporter.
  4230 | Temple   | Found a transporter.
  4230 | Temple   | Found a transporter.
  4360 | D:5      | Entered Level 5 of the Dungeon
  4423 | D:5      | Found a shimmering blue altar of Sif Muna.
  4505 | D:5      | Reached XP level 7. HP: 49/60 MP: 6/6
  4543 | D:5      | Reached skill level 6 in Polearms
  4551 | D:5      | Reached skill level 5 in Throwing
  5057 | D:6      | Found a hide-covered altar of Uskayaw.
  5156 | D:6      | Reached skill level 5 in Armour
  5156 | D:6      | Reached XP level 8. HP: 67/67 MP: 7/7
  5165 | D:6      | Reached skill level 5 in Fighting
  5348 | D:6      | Noticed Edmund
  5365 | D:6      | Killed Edmund
  5759 | D:7      | Reached **** piety under Trog
  5762 | D:7      | Reached skill level 7 in Polearms
  6246 | D:7      | Noticed a troll
  6255 | D:7      | Killed a troll
  6256 | D:7      | Reached XP level 9. HP: 17/74 MP: 8/8
  6612 | D:8      | Found an opulent altar of Gozag.
  6799 | D:8      | Reached skill level 8 in Polearms
  7142 | D:8      | Reached skill level 9 in Polearms
  7150 | D:8      | Noticed a komodo dragon
  7163 | D:8      | Killed a komodo dragon
  7176 | D:8      | Noticed a komodo dragon
  7183 | D:8      | Mangled by a wyvern

Illustrated notes

Levels and vault maps discovered:
D:1:      kennysheep_arrival_seaside, layout_basic
D:2:      layout_loops_corners, chequers_serial_rivers_small_3,
          chequers_serial_rivers_micro_e, kennysheep_nub
D:3:      layout_rooms, nicolae_qazlal_general_emergency,
          hangedman_abyss_or_decor_lesser_grid
D:4:      layout_basic, minmay_temple_entry_sparse_star, uniq_crazy_yiuf_cottage
D:5:      layout_gridville, led_sif_pool, minmay_misc_feat_roman
D:6:      nicolae_cairo_tiling_very_big, layout_rooms,
          nicolae_uskayaw_dance_hall, uniq_edmund
D:7:      layout_loops_ring, minmay_manual_macuahuitl
D:8:      layout_cave_pools, overflow_temple_1_default, erik_lair_dragon
Temple:   hellmonk_temple_divided_pantheon

Skill      XL: |  1  2  3  4  5  6  7  8  9 |
---------------+----------------------------+-----
Polearms       | 4 5 6 7 9 |  9.2
Fighting       | 4 5 6 |  6.1
Throwing       | 1 2 3 4 5 7 8 |  8.0
Armour         | 3 5 7 8 |  8.5
Stealth        | 1 2 |  2.0
Dodging        | 3 4 |  4.6

Action                     |  1- 3 |  4- 6 |  7- 9 || total
---------------------------+-------+-------+-------++-------
  Melee: Spear             |    67 |    54 |    19 ||   140
         Headbutt          |     6 |     7 |    38 ||    51
         Trident           |       |       |   133 ||   133
         Punch             |       |       |     2 ||     2
  Throw: Boomerang         |    62 |    50 |     6 ||   118
         Stone             |       |    52 |     5 ||    57
         Dart              |       |     6 |    61 ||    67
         Throwing net      |       |       |     1 ||     1
 Invoke: Berserk           |     1 |     3 |     4 ||     8
         Trog's Hand       |       |       |     1 ||     1
    Use: Potion            |     1 |     4 |       ||     5
         Scroll            |     3 |     9 |     1 ||    13
 Armour: Animal skin       |     7 |       |       ||     7
         Ring mail         |     7 |       |       ||     7
         Robe              |     2 |       |       ||     2
         Scale mail        |       |    15 |    27 ||    42
         Chain mail        |       |       |    31 ||    31
  Dodge: Dodged            |    50 |    23 |    72 ||   145
